 Dungeon Crawl Stone Soup version 0.30-a0-760-g5a9884bb7c (webtiles) character file.

Game seed: 15551474278335867870

26084 Monkooky the Destroyer (level 12, -3/100 HPs)
             Began as a Demigod Fire Elementalist on Feb 10, 2023.
             Slain by a black mamba (13 damage)
             ... on level 4 of the Lair of Beasts.
             The game lasted 00:47:25 (19288 turns).

Monkooky the Destroyer (Demigod Fire Elementalist) Turns: 19288, Time: 00:47:25

Health: -3/100     AC:  9    Str:  9    XL:     12   Next: 58%
Magic:  3/28       EV: 12    Int: 33    God:
Gold:   594        SH:  0    Dex: 20    Spells: 5/26 levels left

rFire   . . .      SeeInvis +    L - +6 shillelagh "Devastator" {shatter}
rCold   . . .      Faith    .    (no shield)
rNeg    . . .      Spirit   .    F - +0 steam dragon scales
rPois   .          Reflect  .    o - +2 helmet
rElec   .          Harm     .    (no cloak)
rCorr   .          Rampage  .    H - +0 pair of gloves
Will    +....                    (no boots)
Stlth   ++                       (no amulet)
HPRegen 0.36/turn                O - ring of see invisible
MPRegen 0.21/turn                I - +6 ring of dexterity

@: very slightly contaminated
A: high MP 1, forlorn, divine attributes
a: no special abilities


You were on level 4 of the Lair of Beasts.
You visited 3 branches of the dungeon, and saw 15 of its levels.
You also visited: Bailey.

You collected 635 gold pieces.
You spent 41 gold pieces at shops.

Inventory:

Hand Weapons
 n - a +0 dagger
 u - a +2 short sword of holy wrath
 G - a +2 morningstar of flaming
 L - the +6 shillelagh "Devastator" (weapon) {shatter}
   (You found it on level 7 of the Dungeon)
Missiles
 c - 10 silver javelins
 S - 3 throwing nets
Armour
 a - a +0 robe
 h - the +2 robe "Evook" {rC+ rCorr}
   (You found it on level 2 of the Dungeon)

   rC:        It protects you from cold.
   rCorr:     It protects you from acid and corrosion.
 o - a +2 helmet (worn)
 F - +0 steam dragon scales (worn)
 H - a +0 pair of gloves (worn)
Magical Staves
 U - a staff of earth
 V - a staff of conjuration
Jewellery
 I - a +6 ring of dexterity (right hand)
 O - a ring of see invisible (left hand)
Wands
 y - a wand of mindburst (28)
 D - a wand of flame (15)
 J - a wand of paralysis (10)
 M - a wand of iceblast (11)
 N - a wand of polymorph (7)
 P - a wand of quicksilver (5)
Scrolls
 d - 6 scrolls of teleportation
 l - a scroll of silence
 m - a scroll of torment
 r - 3 scrolls of enchant weapon
 t - a scroll of vulnerability
 w - a scroll of blinking
 B - 3 scrolls of magic mapping {unknown}
 E - a scroll of summoning
 K - 4 scrolls of enchant armour
 Q - a scroll of immolation
 R - 2 scrolls of poison {unknown}
 T - 2 scrolls of brand weapon
 W - a scroll of amnesia {unknown}
Potions
 b - 4 potions of magic
 e - 6 potions of might
 f - 4 potions of resistance {unknown}
 g - 5 potions of curing
 i - 3 potions of degeneration {unknown}
 j - 4 potions of brilliance {unknown}
 k - 2 potions of experience {unknown}
 p - a potion of ambrosia {unknown}
 q - 3 potions of flight
 s - 4 potions of mutation {unknown}
 v - 6 potions of haste
 x - 2 potions of lignification {unknown}
 z - 5 potions of heal wounds {unknown}
 A - 3 potions of cancellation {unknown}
 C - 3 potions of attraction {unknown}


   Skills:
 + Level 7.4 Fighting
 - Level 1.7 Dodging
 - Level 1.7 Stealth
 - Level 7.9 Spellcasting
 - Level 12.0 Conjurations
 - Level 4.1 Transmutations
 - Level 9.6 Fire Magic
 - Level 4.5 Earth Magic
 - Level 4.5 Evocations


You had 5 spell levels left.
You knew the following spells:

 Your Spells              Type           Power      Damage    Failure   Level
a - Foxfire               Conj/Fire      100%       2x1d9     1%          1
b - Scorch                Fire           100%       2d10      1%          2
c - Stone Arrow           Conj/Erth      100%       3d13      1%          3
d - Flame Wave            Conj/Fire      71%        2d16      1%          4
e - Starburst             Conj/Fire      35%        6d10      6%          6
f - Irradiate             Conj/Tmut      30%        3d21      3%          5

Your spell library contained the following spells:

 Spells                   Type           Power      Damage    Failure   Level
 Dazzling Flash           Conj/Hex       100%       N/A       1%          3
 Inner Flame              Hex/Fire       44%        N/A       1%          3
 Kindle Blastsparks       Fire/Tloc/Air  68%        2d15      2%          3
 Iskenderun's Mystic Bla  Conj/Tloc      51%        2d11      3%          4
 Portal Projectile        Hex/Tloc       26%        N/A       11%         3
 Tukima's Dance           Hex            13%        N/A       11%         3
 Animate Armour           Summ/Erth      56%        N/A       14%         4
 Blade Hands              Tmut           20%        N/A       19%         5
 Passage of Golubria      Tloc           13%        N/A       34%         4
 Yara's Violent Unravell  Hex/Tmut       13%        3d7       38%         5
 Dragon Form              Tmut           20%        N/A       99%         7
 Enfeeble                 Hex            6%         N/A       100%        7
 Lehudib's Crystal Spear  Conj/Erth      30%        10d8      100%        8


Dungeon Overview and Level Annotations

Branches:
Dungeon (10/15)            Temple (1/1) D:4            Lair (4/5) D:10
 Shoals (0/4) Lair:2        Snake (0/4) Lair:3          Orc (0/2) D:9
 Bailey (visited)
  Slime: Lair:4-5

Shops:
D:7 *   D:8 *

Annotations:
D:2 Terence
D:4 1 runed translucent door, exclusion: downstairs, SpyderV's ghost, amateur MiFi
D:5 exclusion: downstairs
Lair:1 1 runed translucent door, elongatedgoose's ghost, journeyman DgIE
Lair:2 2 transporters, exclusion: downstairs, GuildmasterMusic's ghost, journeyman MiFi


Innate Abilities, Weirdness & Mutations

You have an increased reservoir of magic. (+10% MP)
You shall have no god before yourself.
Your divine heritage dramatically boosts your attributes as you level up.


Message History

The yak is severely wounded.
The yak is almost dead. x2
You hear an angry hiss.
The yak misses you.
A yak comes into view.
The yak gores you but does no damage.
A yak comes into view.
The yak gores you but does no damage.
You feel yourself speed up. The yak gores you. The yak misses you.
Being near the torpor snail leaves you feeling lethargic.
A black mamba comes into view.
You feel yourself speed up.
The black mamba hisses angrily.
Being near the torpor snail leaves you feeling lethargic.
The black mamba bites you!
* * * LOW HITPOINT WARNING * * *
You are poisoned.
The black mamba poisons you! The black mamba closely misses you.
The yak gores you.
* * * LOW HITPOINT WARNING * * *
Okay, then.
Okay, then.
Blink to where?
Press: ? - help, Dir - move target
As you read the scroll of blinking, it crumbles to dust.
You feel yourself speed up.
* * * LOW HITPOINT WARNING * * *
You feel very sick.
You feel better.
Casting: Starburst (dangerous; 6% risk of failure)
Confirm with . or Enter, or press ? or * to list all spells.
You erupt in a fountain of uncontrolled magic!
The black mamba is blasted with magical radiation!!
The black mamba is severely wounded.
You are very lightly contaminated with residual magic.
The black mamba bites you!
* * * LOW HITPOINT WARNING * * *
The black mamba bites you!
You die...

##..Y##...Y.......
##..Y##...##Y....#
#P...####..#......
#..Y.####.## .....
##......... ....#
#.<........ ..S.
#........... ..$.
#.S.......Y.
#.@.........
#..###.#.. #...#
.# # ##... # ....
##...# ...## #..#


You could see a black mamba and 2 yaks.

Vanquished Creatures
  Harold (D:10)
  2 hydras (Lair:3)
  5 two-headed ogres
  Nergalle (Lair:2)
  2 harpies (Lair:2)
  A salamander (Lair:3)
  An elephant (D:10)
  2 black mambas
  Joseph (D:8)
  5 cane toads
  A gargoyle (D:7)
  Maggie (D:6)
  2 rime drakes (Lair:3)
  2 komodo dragons
  Grinder (D:5)
  A polar bear (Lair:3)
  15 blink frogs
  A shadow (D:10)
  A spriggan (Lair:3)
  A wraith (D:9)
  3 wyverns
  31 yaks
  4 slime creatures (D:10)
  2 vampire mosquitoes (D:10)
  7 basilisks
  4 water moccasins
  An ice beast (D:6)
  2 black bears
  An orc warrior (Bailey)
  3 sky beasts
  An ogre (D:6)
  3 centaurs
  2 wolves (Lair:3)
  2 kobold brigands
  Blork the orc (D:5)
  10 bullfrogs
  A necrophage (D:7)
  4 scorpions
  9 wights
  9 killer bees
  A howler monkey (D:6)
  2 electric eels (Lair:2)
  2 lava snakes (Lair:3)
  2 gnoll boudas
  4 hounds
  3 orc priests
  5 orc wizards
  4 hell rats (Lair:4)
  5 iguanas
  A mummy (D:5)
  Robin (D:3)
  23 gnolls
  6 adders
  A white imp (D:8)
  An ufetubus (D:4)
  2 worms
  3 dart slugs (D:1)
  32 orcs
  5 ball pythons
  4 bats
  5 endoplasms
  A giant cockroach (D:4)
  21 goblins
  7 hobgoblins
  2 jackals (D:4)
  16 kobolds
  3 quokkas
  2 frilled lizards
  2 hobgoblin zombies (D:5)
  2 orc zombies (D:5)
315 creatures vanquished.

Vanquished Creatures (others)
  148 foxfires
  27 fungi
  51 plants
226 creatures vanquished.

Grand Total: 541 creatures vanquished

Notes
Turn   | Place    | Note
-------+----------+-------------------------------------------
     0 | D:1      | Monkooky the Demigod Fire Elementalist began the quest for
                  | the Orb.
     0 | D:1      | Reached XP level 1. HP: 14/14 MP: 5/5
     0 | D:1      | Noticed an iron dragon
     1 | D:1      | Noticed a large abomination
     3 | D:1      | Noticed a golden dragon
     3 | D:1      | Noticed a red draconian
     7 | D:1      | Noticed a large abomination
     8 | D:1      | Noticed a tentacled monstrosity
    10 | D:1      | Noticed an iron dragon
    12 | D:1      | Noticed a green draconian
    12 | D:1      | Noticed an iron dragon
    14 | D:1      | Noticed a tentacled monstrosity
    14 | D:1      | Noticed a shadow dragon
    16 | D:1      | Noticed a tentacled monstrosity
    16 | D:1      | Noticed a large abomination
    16 | D:1      | Noticed a green draconian
    18 | D:1      | Noticed an orb of fire
    18 | D:1      | Noticed an orb of fire
    70 | D:1      | Reached skill level 1 in Fighting
   244 | D:1      | Reached XP level 2. HP: 23/23 MP: 4/7
   801 | D:1      | Reached XP level 3. HP: 30/30 MP: 3/8
  1111 | D:2      | Identified the +2 robe "Evook" {rC+ rCorr}
  1160 | D:2      | Learned a level 2 spell: Scorch
  1418 | D:2      | Reached XP level 4. HP: 37/37 MP: 5/9
  1490 | D:2      | Learned a level 3 spell: Stone Arrow
  1672 | D:2      | Reached skill level 1 in Conjurations
  2415 | D:3      | Noticed Terence
  2696 | D:3      | Reached skill level 2 in Conjurations
  2776 | D:3      | Noticed Robin
  2863 | D:3      | Killed Robin
  3253 | D:4      | Found a staircase to the Ecumenical Temple.
  3273 | D:4      | Reached skill level 3 in Conjurations
  3273 | D:4      | Reached XP level 5. HP: 25/42 MP: 1/11
  3509 | Temple   | Entered the Ecumenical Temple
  3852 | D:4      | Found a runed translucent door.
  3854 | D:4      | Noticed SpyderV's ghost (amateur MiFi)
  3992 | D:4      | Reached XP level 6. HP: 43/50 MP: 3/12
  3997 | D:4      | Learned a level 4 spell: Flame Wave
  4403 | D:5      | Entered Level 5 of the Dungeon
  4406 | D:5      | Noticed Grinder
  4406 | D:5      | Paralysed by Grinder for 5 turns
  4417 | D:5      | Paralysed by Grinder for 4 turns
  4768 | D:5      | Reached skill level 4 in Conjurations
  5085 | D:5      | Reached skill level 1 in Earth Magic
  5285 | D:5      | You fall into a shaft and drop 3 floors!
  5340 | D:8      | Noticed a two-headed ogre
  5362 | D:8      | Found Xodwus's Island Escapes.
  5559 | D:8      | Killed a two-headed ogre
  5560 | D:8      | Reached skill level 6 in Conjurations
  5560 | D:8      | Reached XP level 7. HP: 56/56 MP: 0/16
  5706 | D:8      | Found a flagged portal.
  5719 | D:8      | Reached XP level 8. HP: 62/62 MP: 4/17
  5803 | Bailey   | Entered a bailey
  7014 | D:7      | Reached skill level 7 in Conjurations
  7050 | D:7      | Noticed a gargoyle
  7058 | D:7      | Killed a gargoyle
  7275 | D:7      | Reached skill level 5 in Spellcasting
  7462 | D:7      | Found Weapu's Assorted Antiques.
  7470 | D:7      | Bought a scroll labelled QAIXTU SASAKIK for 22 gold pieces
  7470 | D:7      | Bought a murky blue potion for 19 gold pieces
  7476 | D:6      | Reached skill level 1 in Evocations
  7583 | D:6      | Noticed Maggie
  7586 | D:6      | Killed Maggie
  7587 | D:6      | Reached XP level 9. HP: 68/68 MP: 10/20
  7856 | D:5      | Noticed Blork the orc
  7859 | D:5      | Killed Blork the orc
  8118 | D:5      | Killed Grinder
  8536 | D:6      | Learned a level 6 spell: Starburst
  8820 | D:6      | Reached skill level 8 in Conjurations
  9526 | D:7      | Noticed a two-headed ogre
  9530 | D:7      | Killed a two-headed ogre
  9530 | D:7      | Noticed a two-headed ogre
  9531 | D:7      | Reached skill level 5 in Fire Magic
  9531 | D:7      | Reached XP level 10. HP: 74/74 MP: 12/22
  9742 | D:7      | Found the +6 shillelagh "Devastator" {shatter}
  9748 | D:7      | Noticed a two-headed ogre
  9756 | D:7      | Killed a two-headed ogre
  9757 | D:7      | Reached skill level 9 in Conjurations
  9824 | D:7      | Killed a two-headed ogre
 10562 | D:8      | Noticed Joseph
 10579 | D:8      | Killed Joseph
 11346 | D:9      | Reached skill level 10 in Conjurations
 11821 | D:9      | Noticed a two-headed ogre
 11829 | D:9      | Killed a two-headed ogre
 12121 | D:9      | Found a staircase to the Orcish Mines.
 12265 | D:10     | Entered Level 10 of the Dungeon
 12571 | D:10     | Reached XP level 11. HP: 81/81 MP: 12/25
 12933 | D:10     | Noticed Harold
 13083 | D:10     | Killed Harold
 13308 | D:10     | Found a staircase to the Lair.
 13919 | Lair:1   | Entered Level 1 of the Lair of Beasts
 13927 | Lair:1   | Reached skill level 11 in Conjurations
 14429 | Lair:1   | Found a runed translucent door.
 14436 | Lair:1   | Noticed elongatedgoose's ghost (journeyman DgIE)
 14436 | Lair:1   | Noticed a +0 quarterstaff of chaos
 15309 | Lair:2   | Noticed Nergalle
 15312 | Lair:2   | Killed Nergalle
 15324 | Lair:1   | Learned a level 5 spell: Irradiate
 15420 | Lair:2   | Reached skill level 1 in Transmutations
 15986 | Lair:2   | Noticed a boulder beetle
 15989 | Lair:2   | Noticed GuildmasterMusic's ghost (journeyman MiFi)
 15994 | Lair:2   | Found a transporter.
 16004 | Lair:2   | Found a transporter.
 16245 | Lair:2   | Reached XP level 12. HP: 88/88 MP: 15/27
 16455 | Lair:2   | Found a staircase to the Shoals.
 16516 | Lair:2   | Reached skill level 12 in Conjurations
 17505 | Lair:3   | Found a staircase to the Snake Pit.
 17507 | Lair:3   | Reached skill level 5 in Fighting
 17610 | Lair:3   | Noticed a six-headed hydra
 18112 | Lair:3   | Noticed an eight-headed hydra
 18117 | Lair:3   | Killed an eight-headed hydra
 18716 | Lair:3   | Killed a six-headed hydra
 19288 | Lair:4   | Slain by a black mamba

Illustrated notes

Levels and vault maps discovered:
D:1:      shiori_arrival_whats_in_store_for_you, layout_basic
D:2:      layout_basic
D:3:      layout_basic, kennysheep_small_spiral, uniq_robin, uniq_terence
D:4:      layout_loops_ring, minmay_temple_entry_large_hall,
          gammafunk_ghost_grave
D:5:      layout_loops_ring, minmay_parallelograms, minmay_mini_ossuary,
          uniq_grinder, uniq_blork_the_orc
D:6:      layout_loops_cross, grunt_ministairs_3, uniq_maggie
D:7:      layout_basic, serial_shops, shop_statue,
          dilly_guarded_unrand_devastator
D:8:      layout_loops_ring, nicolae_overflow_hallway_of_the_gods,
          enter_bailey_5, nicolae_island_escapes, uniq_joseph
D:9:      layout_roguey, orc_0_dummy, serial_bayou_pond_b
D:10:     layout_stronghold, david_lair_generic, uniq_harold
Temple:   bh_familiar_temple
Lair:1:   dreamdust_cave_troll, layout_gridlike, ebering_ghost_xom, minivault_24
Lair:2:   layout_chaotic_city, nicolae_shoals_entry_roost, nzn_ghost_randoct,
          serial_bayou_shore_a, lemuel_fruit_tree, uniq_nergalle
Lair:3:   layout_layer_cave, nicolae_snake_entry_warm_welcome,
          forest_entry_grove
Lair:4:   layout_regular_city, minmay_slime_entry_oklob_enclosed,
          lemuel_fruit_fields, grunt_megastairs_4, uniq_rupert

Skill      XL: |  1  2  3  4  5  6  7  8  9 10 11 12 |
---------------+-------------------------------------+-----
Fighting       | 1 2 7 |  7.4
Fire Magic     | 3 5 7 9 |  9.6
Conjurations   | 3 6 7 8 10 11 12 | 12.0
Spellcasting   | 2 4 5 6 7 |  7.9
Earth Magic    | 2 4 |  4.5
Evocations     | 3 4 |  4.5
Transmutations | 4 |  4.1
Dodging        | |  1.7
Stealth        | |  1.7

Action                     |  1- 3 |  4- 6 |  7- 9 | 10-12 || total
---------------------------+-------+-------+-------+-------++-------
  Melee: Unarmed           |     9 |    12 |       |       ||    21
         Dagger            |       |    45 |       |       ||    45
         Short sword       |       |       |     5 |       ||     5
         Shillelagh        |       |       |       |    51 ||    51
         Staff             |       |       |       |     6 ||     6
  Throw: Javelin           |       |       |     2 |     3 ||     5
   Cast: Foxfire           |    60 |    28 |     2 |     1 ||    91
         Scorch            |    10 |    77 |    10 |     1 ||    98
         Stone Arrow       |       |    13 |   104 |   162 ||   279
         Flame Wave        |       |       |     2 |     1 ||     3
         Starburst         |       |       |       |    51 ||    51
         Irradiate         |       |       |       |     5 ||     5
  Evoke: Wand              |       |       |     5 |       ||     5
    Use: Potion            |       |     5 |       |     5 ||    10
         Scroll            |       |    10 |     1 |     5 ||    16
   Stab: Sleeping          |       |     1 |       |       ||     1
 Armour: Robe              |       |    12 |     2 |       ||    14
         Steam dragon scal |       |       |    13 |    60 ||    73
  Dodge: Dodged            |     7 |    65 |    37 |    71 ||   180

Table legend: (Time is in decaauts)
 A = Elapsed time spent in this place.
 B = Non-inter-level travel time spent in this place.
 C = Inter-level travel time spent in this place.
 D = Time resting spent in this place.
 E = Time spent auto-exploring this place.
 F = Levels seen in this place.
 G = Mean time per level.
                   A        B        C        D        E       F      G
               +--------+--------+--------+--------+--------+-----+--------+
         Total |  19340 |  18660 |    680 |   3762 |  12265 |  16 | 1208.8 |
       Dungeon |  13090 |  12482 |    608 |   2475 |   8162 |  10 | 1309.0 |
        Temple |      1 |      1 |      0 |      0 |      0 |   1 |    1.0 |
          Lair |   5218 |   5147 |     71 |    662 |   4013 |   4 | 1304.5 |
        Bailey |   1029 |   1029 |      0 |    624 |     89 |   1 | 1029.0 |
               +--------+--------+--------+--------+--------+-----+--------+

Top non-repeatable levels by time:
  Lair:3: 1836 daAuts
  Lair:2: 1825 daAuts
     D:8: 1610 daAuts
  Lair:1: 1510 daAuts
    D:10: 1468 daAuts
     D:7: 1462 daAuts
     D:5: 1449 daAuts
     D:9: 1327 daAuts
     D:4: 1326 daAuts
     D:2: 1247 daAuts
     D:1: 1197 daAuts
     D:6: 1073 daAuts
  Bailey: 1029 daAuts
     D:3: 928 daAuts
  Lair:4: 46 daAuts
